 Dungeon Crawl Stone Soup version 0.28.0-53-g5a82cb258f (webtiles) character file.

Game seed: 11631530596909760376

5870 Eitelfritz the Spear-Bearer (level 10, -2/58 HPs)
             Began as a Tengu Air Elementalist on May 24, 2022.
             Was a Believer of Vehumet.
             Slain by a white imp (4 damage)
             ... summoned by a kobold demonologist
             ... on level 9 of the Dungeon.
             The game lasted 00:36:47 (11781 turns).

Eitelfritz the Spear-Bearer (TeAE)                 Turns: 11781, Time: 00:36:48

Health: -2/58      AC: -1    Str: 11      XL:     10   Next: 81%
Magic:  20/20      EV: 15    Int: 18      God:    Vehumet [**....]
Gold:   427        SH:  0    Dex: 13 (14) Spells: 1/21 levels left

rFire   . . .      SeeInvis .   a - +8 trident of the Octopus King {venom, rElec rPois}
rCold   . . .      Faith    .   (no shield)
rNeg    . . .      Spirit   .   f - +0 leather armour
rPois   +          Reflect  .   (helmet restricted)
rElec   +          Harm     .   w - +0 cloak
rCorr   .          Rampage  .   m - +0 pair of gloves
Will    .....                   (boots unavailable)
Stlth   +++.......              t - amulet of magic regeneration
HPRegen 0.19/turn               (no ring)
MPRegen 0.57/turn               (no ring)

@: corroded, flying quickly and evasively, quick
A: beak, talons 3, nimble flight
a: Renounce Religion


You were on level 9 of the Dungeon.
You worshipped Vehumet.
Vehumet was pleased with you.
You visited 2 branches of the dungeon, and saw 10 of its levels.

You collected 489 gold pieces.
You spent 62 gold pieces at shops.

Inventory:

Hand Weapons
 a - the +8 trident of the Octopus King (weapon) {venom, rElec rPois}
   (You found it on level 6 of the Dungeon)

   It poisons the flesh of those it strikes.
   rElec:     It insulates you from electricity.
   rPois:     It protects you from poison.
 c - a +0 glaive
 d - the +7 mace of Chance {freeze, rCorr SInv Stlth+}
   (You found it on level 8 of the Dungeon)

   It freezes those it strikes, dealing additional cold damage.
   It can also slow down cold-blooded creatures.
   SInv:      It lets you see invisible.
   rCorr:     It protects you from acid and corrosion.
   Stlth:     It makes you more stealthy.
 o - a +1 scimitar of flaming
 u - a +0 spear of electrocution
Missiles
 g - 6 poisoned darts
Armour
 f - a +0 leather armour (worn)
 m - a +0 pair of gloves (worn)
 w - a +0 cloak (worn)
Jewellery
 q - a ring of ice
 t - an amulet of magic regeneration (around neck)
Wands
 p - a wand of flame (14)
Scrolls
 i - 3 scrolls of teleportation
 j - 3 scrolls of blinking
 l - a scroll of fog
 x - 3 scrolls of enchant armour {unknown}
 y - a scroll of torment {unknown}
Potions
 e - 3 potions of mutation
 h - 2 potions of might {unknown}
 k - 3 potions of ambrosia
 n - 2 potions of heal wounds {unknown}
 r - 4 potions of degeneration {unknown}
 s - a potion of lignification {unknown}
 v - a potion of magic {unknown}
 z - a potion of cancellation {unknown}


   Skills:
 + Level 4.5 Fighting
 + Level 8.8 Polearms
 + Level 5.0 Armour
 + Level 5.0 Dodging
 + Level 5.0 Stealth
 + Level 6.1 Spellcasting
 + Level 7.6 Conjurations
 + Level 8.3 Air Magic
 + Level 0.7 Poison Magic


You had one spell level left.
You knew the following spells:

 Your Spells              Type           Power      Damage    Failure   Level
a - Shock                 Conj/Air       100%       1d9       1%          1
b - Static Discharge      Conj/Air       34%        N/A       1%          2
c - Mephitic Cloud        Conj/Pois/Air  25%        N/A       4%          3
d - Airstrike             Air            17%        N/A       4%          4
e - Swiftness             Air            35%        N/A       1%          3
f - Magic Dart            Conj           100%       1d8       1%          1
g - Freeze                Ice            20%        1d4       16%         1
h - Ignite Poison         Fire/Tmut/Pois 6%         N/A       38%         3
i - Poisonous Vapours     Pois/Air       42%        N/A       3%          2

Your spell library contained the following spells:

 Spells                   Type           Power      Damage    Failure   Level
 Pain                     Necr           20%        1d5       16%         1
 Call Imp                 Summ           5%         N/A       22%         2
 Tukima's Dance           Hex            5%         N/A       41%         3
 Freezing Cloud           Conj/Ice/Air   12%        6-21      43%         5
 Anguish                  Hex/Necr       2%         N/A       83%         4
 Agony                    Necr           5%         N/A       99%         5
 Excruciating Wounds      Necr           2%         N/A       99%         5
 Enfeeble                 Hex            2%         N/A       100%        7


Dungeon Overview and Level Annotations

Branches:
Dungeon (9/15)             Temple (1/1) D:4
   Lair: D:8-11         Orc: D:9-12

Altars:
Ashenzari
Dithmenos
Elyvilon
Gozag
Hepliaklqana
Kikubaaqudgha
Makhleb
Okawaru
Qazlal
Ru
Sif Muna
Trog
Uskayaw
Vehumet
Wu Jian
Xom
Yredelemnul
Zin
The Shining One
Beogh
Ignis

Shops:
D:1 *


Innate Abilities, Weirdness & Mutations

You have a beak for a mouth.
You have claws for feet.
Your magical nature lets you fly swiftly and evasively.


Message History

The white imp is in the way.
You barely miss the white imp.
The quasit bites you but does no damage.
The quasit claws you but does no damage. x2
The white imp grinds its teeth.
The white imp gestures at you. The puff of frost hits you!
The rust devil hits you! The rust devil corrodes you!
Unknown command.
You hit the white imp.
The white imp is poisoned.
The white imp is moderately wounded.
The quasit bites you but does no damage.
The quasit misses you.
The quasit claws you but does no damage.
The white imp closely misses you. The rust devil hits you!
* * * LOW HITPOINT WARNING * * *
The rust devil corrodes you!
Unknown command.
You hit the kobold demonologist.
The kobold demonologist looks as sick as possible!
The kobold demonologist is heavily wounded.
The quasit bites you.
* * * LOW HITPOINT WARNING * * *
The quasit claws you.
* * * LOW HITPOINT WARNING * * *
The quasit misses you.
The kobold demonologist hits you with a +0 dagger.
* * * LOW HITPOINT WARNING * * *
The kobold demonologist hits itself but does no damage.
The white imp closely misses you.
Okay, then.
Unknown command.
You feel better. The quasit completely misses you. The quasit claws you.
* * * LOW HITPOINT WARNING * * *
You feel clumsy. The quasit barely misses you. The rust devil hits you!
* * * LOW HITPOINT WARNING * * *
The rust devil corrodes you!
A wyvern zombie comes into view.
The white imp hits you.
You die...

.##._.. .. ####....... ..
.##Z.........8 #........#
... .........
#........#####.###.#.. ...
..........##.#..#.).##....
#...........K..#.........
#......##.K5......###... .
#.....##..4@5....##
..##.!...........)..##
.........†...........#
.#.....##..........##
###...#..)......$.#
#....####.".....## ##...##
##......# ###..# #.)..###
##.## ###.<..#


You could see a rust devil (summoned), a kobold demonologist (confused,
extremely poisoned), a quasit (summoned), a white imp (summoned, very poisoned),
a wyvern zombie and a kobold.

Vanquished Creatures
  Erica (D:8)
  2 two-headed ogres
  Maurice (D:8)
  A komodo dragon (D:9)
  Sigmund (D:5)
  4 yaks (D:8)
  A water moccasin (D:7)
  A hornet zombie (D:7)
  3 black bears
  3 orc warriors
  An ice beast (D:4)
  A sky beast (D:6)
  An ogre (D:6)
  2 centaurs
  3 kobold brigands
  A bullfrog (D:7)
  3 scorpions (D:5)
  A wyvern skeleton (D:6)
  A water moccasin skeleton (D:5)
  A killer bee (D:7)
  4 wights (D:8)
  A howler monkey (D:8)
  A bullfrog zombie (D:5)
  5 orc priests
  A centaur skeleton (D:7)
  3 jellies
  3 hounds
  5 orc wizards
  2 iguanas (D:6)
  A killer bee zombie (D:6)
  2 hound skeletons
  7 adders
  A howler monkey skeleton (D:7)
  2 white imps
  2 adder skeletons (D:4)
  4 dart slugs
  44 orcs
  2 bats (D:1)
  7 endoplasms
  4 giant cockroaches
  12 goblins
  11 hobgoblins
  20 kobolds
  2 quokkas
  6 ball pythons
  2 frilled lizards
  4 rats
191 creatures vanquished.

Vanquished Creatures (others)
  4 demonic plants (D:2)
  2 fungi
  46 plants
  4 withered plants (D:2)
56 creatures vanquished.

Grand Total: 247 creatures vanquished

Notes
Turn   | Place    | Note
-------+----------+-------------------------------------------
     0 | D:1      | Eitelfritz the Tengu Air Elementalist began the quest for
                  | the Orb.
     0 | D:1      | Reached XP level 1. HP: 10/10 MP: 4/4
   322 | D:1      | Reached XP level 2. HP: 15/15 MP: 3/6
   513 | D:1      | Found Loarie's Assorted Antiques.
   519 | D:1      | Bought a scroll labelled ANWETODOUX for 16 gold pieces
   519 | D:1      | Bought a scroll labelled KEOR XEFFA for 16 gold pieces
  1013 | D:1      | Reached XP level 3. HP: 18/19 MP: 3/7
  1120 | D:1      | Bought a scroll labelled POEKOSERABLU for 16 gold pieces
  1120 | D:1      | Bought a murky cyan potion for 14 gold pieces
  1166 | D:2      | Learned a level 2 spell: Static Discharge
  1625 | D:2      | Found a faded altar of an unknown god.
  2005 | D:2      | Reached skill level 5 in Air Magic
  2005 | D:2      | Reached XP level 4. HP: 24/24 MP: 4/8
  2421 | D:3      | Learned a level 3 spell: Mephitic Cloud
  2883 | D:3      | Found a white marble altar of Elyvilon.
  3628 | D:4      | Found a shadowy altar of Dithmenos.
  3680 | D:4      | Gained mutation: Your magical nature lets you fly swiftly
                  | and evasively. [Tengu growth]
  3680 | D:4      | Reached XP level 5. HP: 28/28 MP: 7/10
  3829 | D:4      | Noticed a black bear
  3841 | D:4      | Killed a black bear
  3842 | D:4      | Reached skill level 1 in Polearms
  3995 | D:4      | Reached XP level 6. HP: 32/32 MP: 8/11
  4461 | D:4      | Noticed a black bear
  4469 | D:4      | Killed a black bear
  4654 | D:4      | Found a staircase to the Ecumenical Temple.
  4727 | D:5      | Entered Level 5 of the Dungeon
  4735 | D:5      | Noticed an ice beast
  4755 | D:4      | Killed an ice beast
  4756 | D:4      | Reached skill level 1 in Armour
  4779 | D:5      | Reached XP level 7. HP: 15/37 MP: 13/13
  5261 | D:5      | Reached skill level 5 in Conjurations
  5585 | D:5      | Reached skill level 1 in Fighting
  5962 | Temple   | Entered the Ecumenical Temple
  6059 | Temple   | Became a worshipper of Vehumet
  6094 | D:5      | Found a hazy altar of Hepliaklqana.
  6797 | D:5      | Reached XP level 8. HP: 32/43 MP: 11/15
  6878 | D:5      | Noticed Sigmund
  6911 | D:5      | Killed Sigmund
  7043 | D:5      | Found a sacrificial altar of Ru.
  7507 | D:6      | HP: 1/43 [something/magic dart (6)]
  8003 | D:6      | Learned a level 4 spell: Airstrike
  8007 | D:6      | Learned a level 3 spell: Swiftness
  8014 | D:6      | Learned a level 1 spell: Magic Dart
  8156 | D:6      | Found the +8 trident of the Octopus King {venom, rElec
                  | rPois}
  8330 | D:6      | Found an iron altar of Okawaru.
  8625 | D:6      | Reached XP level 9. HP: 48/48 MP: 13/17
  8855 | D:7      | Reached * piety under Vehumet
  8855 | D:7      | Offered knowledge of Freeze by Vehumet.
  8858 | D:7      | Learned a level 1 spell: Freeze
  9519 | D:7      | Reached skill level 5 in Spellcasting
  9566 | D:7      | Found a burning altar of Makhleb.
  9890 | D:8      | Identified the +7 mace of Chance {freeze, rCorr SInv
                  | Stlth+}
  9983 | D:8      | Reached skill level 5 in Polearms
 10189 | D:8      | Noticed a two-headed ogre
 10205 | D:8      | Killed a two-headed ogre
 10316 | D:8      | Reached XP level 10. HP: 56/56 MP: 19/19
 10460 | D:8      | Noticed Erica
 10469 | D:8      | Killed Erica
 10470 | D:8      | Reached skill level 5 in Armour
 10474 | D:8      | Learned a level 3 spell: Ignite Poison
 10475 | D:8      | Found a runed translucent door.
 10501 | D:8      | Noticed Maurice
 10526 | D:8      | Killed Maurice
 11219 | D:8      | Offered knowledge of Searing Ray by Vehumet.
 11222 | D:8      | Reached ** piety under Vehumet
 11663 | D:9      | Noticed a two-headed ogre
 11665 | D:9      | Found a shimmering blue altar of Sif Muna.
 11702 | D:9      | Killed a two-headed ogre
 11703 | D:9      | Reached skill level 5 in Dodging
 11703 | D:9      | Offered knowledge of Poisonous Vapours by Vehumet.
 11767 | D:9      | Reached skill level 5 in Stealth
 11769 | D:9      | Noticed a kobold demonologist
 11770 | D:9      | Learned a level 2 spell: Poisonous Vapours
 11772 | D:9      | Noticed a rust devil
 11780 | D:9      | HP: 2/58 [kobold demonologist/+0 dagger (5)]
 11781 | D:9      | Slain by a white imp

Illustrated notes

Levels and vault maps discovered:
D:1:      pf_arrival_petrified_forest, layout_basic, serial_shops,
          nicolae_shop_statue_plus
D:2:      layout_loops_corners, shapermc_ecumenical_altar_gd,
          chequers_serial_rivers_micro_c
D:3:      layout_rooms, elyvilon_altar_3
D:4:      minmay_spotlight, layout_cave_pods,
          nicolae_dithmenos_through_a_glass_darkly,
          minmay_temple_entry_from_below_b
D:5:      layout_layer_cave, nicolae_ru_the_path_less_chosen,
          mainiacjoe_overflow_cross_hatched, uniq_sigmund
D:6:      layout_basic, kennysheep_okawaru_gauntlet
D:7:      layout_gridville, old_standard_altar, kennysheep_generic_room_15
D:8:      layout_loops_ring, lightli_church_of_beogh, uniq_erica, uniq_maurice
D:9:      layout_cave_pools, nicolae_overflow_crystal_walls,
          grunt_temple_overflow_open, david_lair_shrubbed, zombieorc1_lemuel
Temple:   ebering_untended_altars

Skill      XL: |  1  2  3  4  5  6  7  8  9 10 |
---------------+-------------------------------+-----
Conjurations   | 2 3 4 5 6 7 |  7.6
Air Magic      | 5 6 7 8 |  8.3
Spellcasting   | 3 4 5 6 |  6.1
Polearms       | 1 2 4 6 8 |  8.8
Dodging        | 3 4 5 |  5.0
Armour         | 1 2 3 4 5 |  5.0
Fighting       | 1 2 3 4 |  4.5
Stealth        | 3 4 5 |  5.0
Poison Magic   | |  0.7

Action                   |  1- 3 |  4- 6 |  7- 9 | 10-12 || total
-------------------------+-------+-------+-------+-------++-------
Melee: Unarmed           |     2 |       |       |       ||     2
       Kick              |     1 |    10 |    36 |    17 ||    64
       Spear             |       |    44 |   101 |       ||   145
       Peck              |       |     6 |    23 |     6 ||    35
       Punch             |       |     1 |     2 |     2 ||     5
       Trident           |       |       |    68 |   100 ||   168
 Cast: Shock             |    76 |    75 |    82 |    15 ||   248
       Static Discharge  |       |     2 |     6 |    11 ||    19
       Mephitic Cloud    |       |     1 |     1 |     5 ||     7
       Magic Dart        |       |       |     7 |       ||     7
  Use: Scroll            |       |     7 |     7 |       ||    14
       Potion            |       |       |     1 |     1 ||     2
 Stab: Sleeping          |       |     1 |     4 |       ||     5
       Confused          |       |       |     1 |     2 ||     3
Armor: Robe              |     2 |     2 |       |       ||     4
       Leather armour    |       |     9 |    18 |    19 ||    46
Dodge: Dodged            |     7 |    31 |    83 |    61 ||   182
